 Dungeon Crawl Stone Soup version 0.31-a0-252-gc4385922b5 (webtiles) character file.

Game seed: 866010677599622616

87 qw the Shooter (level 4, -2/26 HPs)
             Began as a Gargoyle Hexslinger on July 12, 2023.
             Slain by an iguana (5 damage)
             ... on level 3 of the Dungeon.
             The game lasted 00:00:39 (1550 turns).

qw the Shooter (Gargoyle Hexslinger)                Turns: 1550, Time: 00:00:39

Health: -2/26      AC:  5    Str: 12    XL:     4   Next: 51%
Magic:  0/5        EV: 12    Int: 13    God:
Gold:   95         SH:  0    Dex: 14    Spells: 4/5 levels left

rFire   . . .        Y - +1 sling
rCold   . . .        (no shield)
rNeg    + . .        c - +0 robe
rPois   inf          (no helmet)
rElec   +            (no cloak)
rCorr   .            (no gloves)
SInv    .            (no boots)
Will    .....        h - amulet of guardian spirit
Stlth   +            (no ring)
HPRegen 0.24/turn    (no ring)
MPRegen 0.09/turn

%: guardian spirit
@: no status effects
A: sickness immunity, AC +3, negative energy resistance 1, electricity
resistance, torment resistance 1, petrification resistance
a: no special abilities


You were on level 3 of the Dungeon.
You visited 1 branch of the dungeon, and saw 3 of its levels.

You collected 95 gold pieces.


Innate Abilities, Weirdness & Mutations

You are immune to sickness and miasma.
Your stone body is resilient. (AC +3)
You are immune to poison.
You resist negative energy. (rN+)
You are resistant to electric shocks. (rElec)
You are resistant to unholy torment.
You are immune to petrification.


   Skills:
 - Level 2.0 Fighting
 + Level 4.3 Ranged Weapons
 - Level 1.5 Dodging
 - Level 1.0 Spellcasting
 - Level 2.6 Hexes


You had 4 spell levels left.
You knew the following spells:

 Your Spells              Type           Power      Damage    Failure   Level
a - Slow                  Hex            28%        N/A       10%         1

Your spell library contained the following spells:

 Spells                   Type           Power      Damage    Failure   Level
 Inner Flame              Hex/Fire       4%         N/A       43%         3
 Portal Projectile        Hex/Tloc       8%         N/A       43%         3
 Cause Fear               Hex            3%         N/A       67%         4

Inventory:

Hand Weapons
 Y - a +1 sling (weapon)
Armour
 c - a +0 robe (worn)
Jewellery
 h - an amulet of guardian spirit (around neck)
Scrolls
 a - a scroll of amnesia {unknown}
 b - a scroll of torment {unknown}
 j - a scroll of identify
Potions
 e - a potion of curing {unknown}
 f - 2 potions of haste {unknown}
 g - a potion of lignification {unknown}
 i - a potion of berserk rage {unknown}

Dungeon Overview and Level Annotations

Branches:
Dungeon (3/15)

Altars:
Sif Muna


Message History

The sling bullet hits the iguana but does no damage.
You shoot a sling bullet.
The sling bullet barely misses the iguana.
You shoot a sling bullet. The sling bullet hits the iguana.
The iguana is lightly wounded.
The iguana bites you.
You shoot a sling bullet.
The sling bullet hits the iguana but does no damage.
The iguana is lightly wounded.
The iguana bites you.
You shoot a sling bullet. The sling bullet hits the iguana.
The iguana is lightly wounded.
The iguana closely misses you.
You shoot a sling bullet.
The sling bullet hits the iguana but does no damage.
The iguana is lightly wounded.
The iguana barely misses you.
You shoot a sling bullet.
The sling bullet closely misses the iguana.
The iguana bites you.
You shoot a sling bullet.
The sling bullet closely misses the iguana.
The iguana bites you.
You shoot a sling bullet. The sling bullet hits the iguana.
The iguana is moderately wounded.
The iguana bites you! The iguana barely misses you.
You shoot a sling bullet.
The sling bullet closely misses the iguana.
The iguana bites you.
You shoot a sling bullet.
The sling bullet hits the iguana but does no damage.
The iguana is moderately wounded.
The iguana closely misses you.
You shoot a sling bullet. The sling bullet hits the iguana!
The iguana is severely wounded.
The iguana barely misses you.
You shoot a sling bullet.
The sling bullet barely misses the iguana.
The iguana bites you!
You die...

#.#.......>..##...........
...........................
##.##........##.#..........
#.###...###.##.#..........
#.. #.#.# #.##...#........
##. #.#..##.....##########
........##.## .. .#..#....#
.....#l@# #....#.$#
##...##.. # #..# .... ##.##
.. ##


You could see an iguana.

Vanquished Creatures
  A gnoll (D:1)
  3 adders (D:2)
  2 worms
  6 ball pythons
  3 bats
  3 endoplasms (D:2)
  2 giant cockroaches
  6 goblins
  3 hobgoblins
  4 quokkas
  2 frilled lizards
  4 kobolds (D:2)
  2 rats
41 creatures vanquished.

Notes
Turn   | Place    | Note
-------+----------+-------------------------------------------
     0 | D:1      | qw the Gargoyle Hexslinger began the quest for the Orb.
     0 | D:1      | Reached XP level 1. HP: 12/12 MP: 2/2
     0 | D:1      | 0 ||| qw: Version: 0.3-a-52-g30416fa
     0 | D:1      | 0 ||| qw: Game counter: 6610
     0 | D:1      | 0 ||| qw: Melee chars always use a shield: true
     0 | D:1      | 0 ||| qw: God list: Okawaru
     0 | D:1      | 0 ||| qw: Allow faded altars: false
     0 | D:1      | 0 ||| qw: Do Orc after clearing Dungeon:15 true
     0 | D:1      | 0 ||| qw: Do second Lair branch before Depths: true
     0 | D:1      | 0 ||| qw: Lair rune preference: random
     0 | D:1      | 0 ||| qw: Goals: Normal
     0 | D:1      | 0 ||| PLANNING D:1-11
   257 | D:1      | Reached XP level 2. HP: 16/16 MP: 3/3
   391 | D:1      | HP: 4/16 [gnoll/+0 whip (4)]
   392 | D:1      | HP: 1/16 [gnoll/+0 whip (3)]
   395 | D:1      | Reached skill level 3 in Ranged Weapons
   695 | D:1      | 695 ||| UPGRADING to amulet of guardian spirit.
   700 | D:1      | 700 ||| READING scroll labelled OLOLER LYMUI.
   701 | D:1      | 701 ||| READING 2 scrolls labelled ONKUSH MEUB.
   702 | D:1      | 702 ||| DROPPING scroll of poison.
   738 | D:2      | Reached XP level 3. HP: 20/20 MP: 4/4
   963 | D:2      | Identified the +3 mace of the Ring {flame, Fragile Str+5
                  | Int+6}
  1067 | D:2      | Found a shimmering blue altar of Sif Muna.
  1105 | D:2      | Reached XP level 4. HP: 26/26 MP: 5/5
  1116 | D:2      | Reached skill level 4 in Ranged Weapons
  1396 | D:2      | 1396 ||| READING 3 scrolls labelled PUINLE YHULAFA.
  1397 | D:2      | 1397 ||| READING scroll labelled CEHUIRARGHE.
  1401 | D:2      | 1401 ||| DROPPING 2 scrolls of fog.
  1547 | D:3      | HP: 3/26 [iguana (6)]
  1550 | D:3      | Slain by an iguana

Levels and vault maps discovered:
D:1:      lightli_arrival_maybe_door_vault, layout_basic
D:2:      layout_basic, basic_altar, kennysheep_generic_room_4
D:3:      layout_rooms, minmay_misc_feat_cross, uniq_grinder, uniq_ijyb

Skill      XL: |  1  2  3  4 |
---------------+-------------+-----
Ranged Weapons | 3 4 |  4.3
Fighting       | 2 |  2.0
Dodging        | |  1.5
Spellcasting   | |  1.0
Hexes          | |  2.6

Action                     |  1- 3 |  4- 6 || total
---------------------------+-------+-------++-------
   Fire: Sling             |   104 |    60 ||   164
    Use: Scroll            |     2 |     2 ||     4
 Armour: Robe              |    21 |     4 ||    25
  Dodge: Dodged            |    39 |    18 ||    57

Table legend:
 A = Non-vault XP
 B = Vault XP
 C = Vault XP percentage of total XP
 D = Non-vault monster count
 E = Vault monster count
 F = Vault count percentage of total count
                 A         B        C        D         E       F
            +---------+---------+-------+---------+---------+-------
      Total |     107 |      18 |  14.4 |      39 |       2 |   4.9
            +---------+---------+-------+---------+---------+-------
        D:1 |      31 |       0 |   0.0 |      10 |       0 |   0.0
        D:2 |      64 |      18 |  22.0 |      24 |       2 |   7.7
        D:3 |      12 |       0 |   0.0 |       5 |       0 |   0.0
            +---------+---------+-------+---------+---------+-------
